 Dungeon Crawl Stone Soup version 0.29-a0-330-g52719c12eb (webtiles) character file.

Game seed: 14826508239080871768

91 Maratek the Skirmisher (level 4, -2/41 HPs)
             Began as a Minotaur Abyssal Knight on May 31, 2022.
             Was a Believer of Lugonu.
             Killed from afar by an orc wizard (10 damage)
             ... with a puff of flame
             ... on level 4 of the Dungeon.
             The game lasted 00:04:49 (2780 turns).

Maratek the Skirmisher (Minotaur Abyssal Knight)    Turns: 2780, Time: 00:04:51

Health: -2/41      AC:  3    Str: 20    XL:     4   Next: 34%
Magic:  4/4        EV: 11    Int:  7    God:    Lugonu [**....]
Gold:   189        SH:  0    Dex: 10    Spells: 3/3 levels left

rFire   . . .      SeeInvis .   a - +1 falchion (chaos)
rCold   . . .      Faith    .   (no shield)
rNeg    . . .      Spirit   .   b - +0 leather armour
rPois   .          Reflect  .   (helmet restricted)
rElec   .          Harm     .   (no cloak)
rCorr   .          Rampage  .   (no gloves)
Will    .....                   (no boots)
Stlth   +.........              (no amulet)
HPRegen 0.13/turn               c - ring of wizardry
MPRegen 0.09/turn               (no ring)

@: no status effects
A: horns 2, retaliatory headbutt
a: Renounce Religion, Depart the Abyss, Bend Space


You were on level 4 of the Dungeon.
You worshipped Lugonu.
Lugonu was pleased with you.
You visited 1 branch of the dungeon, and saw 4 of its levels.
You visited the Abyss 1 time.

You collected 189 gold pieces.

Inventory:

Hand Weapons
 a - a +1 falchion of chaos (weapon)
Armour
 b - a +0 leather armour (worn)
Jewellery
 c - a ring of wizardry (left hand)
Potions
 d - a potion of flight
 i - a potion of might
 j - a potion of invisibility


   Skills:
 + Level 4.5 Fighting
 + Level 4.1 Long Blades
 + Level 2.8 Armour
 + Level 1.4 Dodging
 + Level 0.2 Stealth
 + Level 2.3 Invocations


You had 3 spell levels left.
You didn't know any spells.
Your spell library contained the following spells:

 Spells                   Type           Power      Damage    Failure   Level
 Apportation              Tloc           0%         N/A       21%         1
 Beastly Appendage        Tmut           0%         N/A       21%         1
 Freeze                   Ice            0%         1d3       21%         1
 Summon Small Mammal      Summ           0%         N/A       21%         1
 Alistair's Intoxication  Tmut/Pois      0%         N/A       99%         5


Dungeon Overview and Level Annotations

Branches:
Dungeon (4/15)
 Temple: D:4-7

Altars:

Shops:
D:2 =(


Innate Abilities, Weirdness & Mutations

You have a pair of horns on your head.
You reflexively headbutt those who attack you in melee.


Message History

You are too confused!
You are too confused!
You are too confused!
You are too confused!
You are too confused!
You hit the orc wizard.
The orc wizard seems to speed up.
You headbutt the orc wizard, but do no damage.
The orc wizard is moderately wounded.
The orc wizard hits you with a +0 dagger.
The orc wizard mumbles some strange words.
The orc wizard flickers and vanishes!
Deactivating autopickup; reactivate with Ctrl-A.
The orc wizard hits you with a +0 dagger.
You bump into the rock wall.
Something hits you but does no damage. The orc wizard closely misses you.
You completely miss the orc wizard.
The orc wizard is moderately wounded.
The orc wizard points at you and mumbles some strange words.
The puff of flame hits you! Something completely misses you.
The orc wizard hits you but does no damage.
You barely miss the orc wizard.
The orc wizard is moderately wounded.
The orc wizard barely misses you.
You hear some strange, mumbled words.
Something tries to affect you, but you resist.
The orc wizard barely misses you.
You hit the orc wizard. You burn the orc wizard.
Your headbutt misses the orc wizard. Your punch misses the orc wizard.
The orc wizard is heavily wounded.
You feel less confused.
You hear some strange, mumbled words.
A magic dart appears from out of thin air!
The magic dart hits you!
* * * LOW HITPOINT WARNING * * *
The orc wizard hits you with a +0 dagger.
* * * LOW HITPOINT WARNING * * *
You hear some strange, mumbled words.
A puff of flame appears from out of thin air!
The puff of flame hits you!
You die...

#############
#....<.......
#.#.#o###.#.#
.. #@# #.
#{#.# #.


go# #.# ...... #.. ##... ### ##.. ## You could see an orc wizard (fast), an orc
and a goblin.

Vanquished Creatures
  An iguana (D:2)
  2 adders
  A worm (D:2)
  A dart slug (D:1)
  4 orcs (D:3)
  An endoplasm (D:1)
  4 giant cockroaches
  5 goblins
  3 hobgoblins
  4 jackals (D:2)
  A quokka (D:2)
  A bat (D:3)
  3 frilled lizards
  5 kobolds
  3 rats
39 creatures vanquished.

Notes
Turn   | Place    | Note
-------+----------+-------------------------------------------
     0 | Abyss:1  | Maratek the Minotaur Abyssal Knight began the quest for the
                  | Orb.
     0 | Abyss:1  | Reached XP level 1. HP: 19/19 MP: 1/1
     0 | D:1      | Escaped the Abyss
   179 | D:1      | Reached XP level 2. HP: 27/27 MP: 2/2
   475 | D:1      | Found a faded altar of an unknown god.
   687 | D:1      | Reached ** piety under Lugonu
   998 | D:2      | Found Tuqeocs's Antique Weapon Emporium.
  1023 | D:2      | Reached XP level 3. HP: 29/33 MP: 3/3
  1274 | D:2      | Found Ybiteyx's Jewellery Shop.
  1956 | D:3      | Reached XP level 4. HP: 41/41 MP: 4/4
  2117 | D:3      | Got First Steps in Wizardry
  2780 | D:4      | Killed from afar by an orc wizard

Illustrated notes

Levels and vault maps discovered:
D:1:      lightli_arrival_statue_moat, layout_loops_ring,
          dreamdust_ecumenical_altar_angels_and_demons, serial_bayou_lagoon_a,
          hangedman_decor_push
D:2:      cheibrodos_old_hovel, layout_basic, serial_shops, shop,
          shop_fountains, amcnicky_mini_pool_small, grunt_ministairs_7
D:3:      layout_loops_ring
D:4:      layout_loops_ring

Skill      XL: |  1  2  3  4 |
---------------+-------------+-----
Long Blades    | 3 4 |  4.1
Fighting       | 4 |  4.5
Invocations    | 2 |  2.3
Armour         | |  2.8
Dodging        | |  1.4
Stealth        | |  0.2

Action                   |  1- 3 |  4- 6 || total
-------------------------+-------+-------++-------
Melee: Falchion          |    80 |    25 ||   105
       Headbutt          |     9 |     5 ||    14
       Punch             |     1 |       ||     1
Invok: Depart the Abyss  |     1 |       ||     1
  Use: Scroll            |       |    10 ||    10
       Potion            |       |     2 ||     2
Armor: Leather armour    |    23 |     4 ||    27
Dodge: Dodged            |    59 |    13 ||    72

Table legend: (Time is in decaauts)
 A = Elapsed time spent in this place.
 B = Non-inter-level travel time spent in this place.
 C = Inter-level travel time spent in this place.
 D = Time resting spent in this place.
 E = Time spent auto-exploring this place.
 F = Levels seen in this place.
 G = Mean time per level.
                   A        B        C        D        E       F      G
               +--------+--------+--------+--------+--------+-----+--------+
         Total |   2801 |   2801 |      0 |      0 |   2415 |   5 |  560.2 |
       Dungeon |   2801 |   2801 |      0 |      0 |   2415 |   4 |  700.2 |
         Abyss |      0 |      0 |      0 |      0 |      0 |   1 |    0.0 |
               +--------+--------+--------+--------+--------+-----+--------+

Top non-repeatable levels by time:
     D:2: 1096 daAuts
     D:1: 860 daAuts
     D:3: 830 daAuts
     D:4: 13 daAuts
